 Dungeon Crawl Stone Soup version 0.25-a0-294-gea9b1ad (webtiles) character file.

Game seed: 14470700516458879745, levelgen mode: deterministic

66 relicbr the Digger (level 3, -8/19 HPs)
             Began as a Deep Elf Earth Elementalist on Dec 17, 2019.
             Mangled by Crazy Yiuf
             ... wielding a +3 quarterstaff of chaos
              (16 damage)
             ... on level 2 of the Dungeon.
             The game lasted 00:05:05 (2805 turns).

relicbr the Digger (Deep Elf Earth Elementalist)    Turns: 2805, Time: 00:05:05

Health: -8/19      AC:  5    Str:  5    XL:     3   Next: 96%
Magic:  0/9        EV: 12    Int: 20    God:
Gold:   115        SH:  0    Dex: 15    Spells: 4/8 levels left

rFire    . . .     SeeInvis .   b - +0 hunting sling
rCold    . . .     Gourm    .   (no shield)
rNeg     . . .     Faith    .   g - +0 leather armour
rPois    .         Spirit   .   h - +0 helmet
rElec    .         Reflect  .   (no cloak)
rCorr    .         Harm     .   m - +0 pair of gloves
MR       .....                  (no boots)
Stlth    ++........             (no amulet)
HPRegen  0.06/turn              (no ring)
MPRegen  0.11/turn              (no ring)

@: lethally poisoned (-8 -> -16), very slightly contaminated, lightly drained
A: no striking features
a: no special abilities


You were on level 2 of the Dungeon.
You were not hungry.

You visited 1 branch of the dungeon, and saw 2 of its levels.

You collected 115 gold pieces.

Inventory:

Hand Weapons
 a - a +0 short sword
 b - a +0 hunting sling (weapon)
Missiles
 k - 6 sling bullets (quivered)
 r - 4 stones
Armour
 g - a +0 leather armour (worn)
 h - a +0 helmet (worn)
 m - a +0 pair of gloves (worn)
Scrolls
 c - a scroll of remove curse {unknown}
 f - 3 scrolls of identify {unknown}
 o - a scroll of teleportation {unknown}
 p - a scroll of enchant weapon {unknown}
Potions
 e - a potion of flight {unknown}
 i - a potion of resistance {unknown}
 j - a potion of curing {unknown}
 l - a potion of degeneration {unknown}
 n - a potion of heal wounds
Comestibles
 d - 6 rations
 q - a chunk of flesh


   Skills:
 - Level 2.4(2.1) Dodging
 - Level 2.4(2.1) Stealth
 - Level 3.0(2.7) Spellcasting
 * Level 0.1(0.0) Conjurations
   Level 1.1(0.8) Transmutations
 * Level 5.3(5.0) Earth Magic


You had 4 spell levels left.
You knew the following spells:

 Your Spells              Type           Power        Failure   Level  Hunger
a - Sandblast             Erth           ###...       3%          1    None
b - Stone Arrow           Conj/Erth      ##....       26%         3    ###....

Your spell library contained the following spells:

 Spells                   Type           Power        Failure   Level  Hunger
 Passwall                 Tmut/Erth      ##......     11%         2    ##.....
 Petrify                  Tmut/Erth      ##......     58%         4    ####...
 Lee's Rapid Deconstruct  Erth           ###.......   63%         5    ######.


Dungeon Overview and Level Annotations

Branches:
Dungeon (2/15)

Altars:

Annotations:
D:2 Crazy Yiuf


Message History

Crazy Yiuf hits you with a +3 quarterstaff of chaos.
Crazy Yiuf freezes you. Crazy Yiuf barely misses you.
Firing (i - inventory. (/) - cycle)
k - 8 sling bullets (quivered)
Press: ? - help, Shift-Dir - straight line, f/p - Crazy Yiuf
Aim: Crazy Yiuf, wielding a +3 quarterstaff of chaos and wearing a cursed +0 cloak (almost dead, fast)
You shoot a sling bullet.
The sling bullet hits Crazy Yiuf but does no damage.
Crazy Yiuf is almost dead.
You feel sick.
Crazy Yiuf hits you with a +3 quarterstaff of chaos.
Crazy Yiuf burns you.
Firing (i - inventory. (/) - cycle)
k - 7 sling bullets (quivered)
Press: ? - help, Shift-Dir - straight line, f/p - Crazy Yiuf
Aim: Crazy Yiuf, wielding a +3 quarterstaff of chaos and wearing a cursed +0 cloak (almost dead, fast)
You shoot a sling bullet.
The sling bullet barely misses Crazy Yiuf.
You feel sick. Crazy Yiuf closely misses you.
Crazy Yiuf hits you with a +3 quarterstaff of chaos!
Ouch! That really hurt!
You die...

#..................##
#..................#
##.................#
#############.....#
#.....# #.##### ###
####..# #)..###
##.....#
#(..g@####......#
#...##..#......## ###
###.#....## ########


You could see Crazy Yiuf.

Vanquished Creatures
  Robin (D:2)
  An adder (D:2)
  4 dart slugs (D:1)
  3 giant cockroaches (D:1)
  11 goblins
  6 hobgoblins
  2 jackals (D:1)
  A quokka (D:2)
  A bat (D:2)
  2 frilled lizards
  2 kobolds (D:2)
  2 rats
36 creatures vanquished.

Notes
Turn   | Place    | Note
-------+----------+-------------------------------------------
     0 | D:1      | relicbr the Deep Elf Earth Elementalist began the quest for
                  | the Orb.
     0 | D:1      | Reached XP level 1. HP: 10/10 MP: 6/6
   215 | D:1      | Reached XP level 2. HP: 15/15 MP: 4/8
   298 | D:1      | Reached skill level 4 in Earth Magic
  1180 | D:2      | Noticed Robin
  1462 | D:1      | Reached XP level 3. HP: 18/19 MP: 7/9
  1830 | D:2      | Killed Robin
  1830 | D:2      | Reached skill level 5 in Earth Magic
  1951 | D:2      | Learned a level 3 spell: Stone Arrow
  2495 | D:2      | Found a runed translucent door.
  2496 | D:2      | Noticed Crazy Yiuf
  2805 | D:2      | Mangled by Crazy Yiuf

Levels and vault maps discovered:
D:1:      evilmike_arrival_plus, layout_basic
D:2:      layout_rooms, uniq_crazy_yiuf_cottage, uniq_robin

Skill      XL: |  1  2  3 |
---------------+----------+-----
Earth Magic    | 4 5 |  5.3
Dodging        | |  2.4
Stealth        | |  2.4
Spellcasting   | |  3.0
Conjurations   | |  0.1
Transmutations | |  1.1

Action                   || total
-------------------------++-------
Melee: Spear             ||    65
       Short sword       ||    32
 Fire: Hunting sling     ||    17
 Cast: Sandblast         ||    30
       Stone Arrow       ||     2
  Use: Potion            ||     1
 Stab: Sleeping          ||     2
  Eat: Chunk             ||     6
Armor: Robe              ||     1
       Leather armour    ||    26
Dodge: Dodged            ||    76

Table legend:
 A = Non-vault XP
 B = Vault XP
 C = Vault XP percentage of total XP
 D = Non-vault monster count
 E = Vault monster count
 F = Vault count percentage of total count
                 A         B        C        D         E       F
            +---------+---------+-------+---------+---------+-------
      Total |      62 |      33 |  34.7 |      25 |      11 |  30.6
            +---------+---------+-------+---------+---------+-------
        D:1 |      32 |      12 |  27.3 |      13 |       6 |  31.6
        D:2 |      30 |      21 |  41.2 |      12 |       5 |  29.4
            +---------+---------+-------+---------+---------+-------
